 Dungeon Crawl Stone Soup version 0.16.0-18-g484a79e (webtiles) character file.

564 wojtek the Cutter (level 7, -1/43 HPs)
             Began as a Kobold Assassin on Mar 22, 2015.
             Slain by Prince Ribbit (8 damage)
             ... on level 4 of the Dungeon.
             The game lasted 00:07:28 (5237 turns).

wojtek the Cutter (Kobold Assassin)                 Turns: 5237, Time: 00:07:28

Health: -1/43      AC:  3    Str: 10    XL:     7   Next: 58%
Magic:  7/7        EV: 16    Int: 11    God:
Gold:   155        SH:  5    Dex: 17    Spells: 0 memorised, 6 levels left

rFire  . . .     SeeInvis +     b - +0 blowgun
rCold  . . .     Clarity  .     c - +0 robe
rNeg   . . .     SustAb   .     x - +0 buckler
rPois  .         Gourm    .     (no helmet)
rElec  .         Spirit   .     d - +0 cloak
rCorr  .         Warding  .     (no gloves)
rMut   .         Stasis   +     (no boots)
MR     .....                    k - amulet of stasis
Stlth  +++.......               (no ring)
                                n - ring of see invisible

@: not resistant to hostile enchantments, fairly stealthy
A: carnivore 3
a: no special abilities


You were on level 4 of the Dungeon.
You were completely stuffed.

You visited 1 branch of the dungeon, and saw 4 of its levels.

You collected 155 gold pieces.

Inventory:

Hand weapons
 a - a +2 dagger
 b - a +0 blowgun (weapon)
Missiles
 e - 9 poisoned needles (quivered)
 f - 2 curare-tipped needles
 y - 2 throwing nets
Armour
 c - a +0 robe (worn)
 d - a +0 cloak (worn)
 x - a +0 buckler (worn)
Jewellery
 k - an amulet of stasis (around neck)
 n - a ring of see invisible (left hand)
Scrolls
 h - 2 scrolls of remove curse {unknown}
 j - 6 scrolls of identify {unknown}
 l - 2 scrolls of random uselessness {unknown}
 p - a scroll of fear {unknown}
 q - a scroll of enchant weapon {unknown}
Potions
 i - 3 potions of mutation {unknown}
 r - 2 potions of magic {unknown}
 s - a potion of invisibility {unknown}
 t - 4 potions of curing {unknown}
 u - a potion of flight {unknown}
 v - a potion of agility {unknown}
 w - a potion of heal wounds {unknown}
 A - a potion of poison {unknown}
Comestibles
 g - 2 meat rations
 m - a royal jelly
 o - 4 slices of pizza


   Skills:
 + Level 4.0 Fighting
 - Level 7.8 Short Blades
 - Level 2.6 Throwing
 + Level 3.5 Dodging
 - Level 5.3 Stealth
 + Level 1.9 Shields


You had 6 spell levels left.
You didn't know any spells.

Dungeon Overview and Level Annotations

Branches:
Dungeon (4/15)
 Temple: D:4-7

Altars:
Dithmenos
Vehumet
The Shining One

Annotations:
D:4 exclusion: kobold, Blork the orc, Prince Ribbit


Innate Abilities, Weirdness & Mutations

You are small and have problems with some larger weapons.
You are carnivorous and can eat meat at any time.


Message History

You shoot a poisoned needle.
The poisoned needle misses Prince Ribbit.
Prince Ribbit hits you!
* * * LOW HITPOINT WARNING * * *
Prince Ribbit closely misses you. Prince Ribbit completely misses you.
Prince Ribbit croaks regally.
Prince Ribbit hits you.
* * * LOW HITPOINT WARNING * * *
Firing (i - inventory. (,) - cycle):
e - 10 poisoned needles (quivered)
Press: ? - help, Shift-Dir - straight line, f/p - Prince Ribbit
Aim: Prince Ribbit You shoot a poisoned needle.
The poisoned needle misses Prince Ribbit.
Prince Ribbit barely misses you. You block Prince Ribbit's attack.
Prince Ribbit barely misses you. You block Prince Ribbit's attack.
Prince Ribbit hits you!
You die...

#(.# .....##. #.....# #.##..
....##...##..# #.....# #.....
.....## #..... +.....# #.....
...#..###.... #.....# #..##. ..
#...#... ##+####.....# #.....
#+###+.#.##+#...........# #.....
........................####.....
........................#..#.....
...............F@.......#..#.....
.............###'##.....#..###'##
.............#....+.....#...#....
####'#####+###....#...))+...'....
...'........+.....#.....#...#....
...#........##....#.....#..##....
..###+###...####+##.....#..##....
#'##...##...##....#.....'..+.....
.......+..........#.....#..#.....


You could see Prince Ribbit.

Vanquished Creatures
  An ogre (D:4)
  A phantom (D:4)
  A goliath beetle (D:3)
  An iguana (D:4)
  2 worker ants (D:4)
  An orc priest (D:4)
  9 adders
  7 gnolls
  5 worms
  6 orcs
  4 bats
  4 giant cockroaches
  12 hobgoblins
  2 jackals (D:2)
  2 quokkas
  4 ball pythons
  3 giant newts
  10 goblins
  6 kobolds
  A quokka skeleton (D:4)
  4 rats
  A ballistomycete (D:3)
87 creatures vanquished.

Vanquished Creatures (others)
  2 jackals (D:2)
  A giant spore (D:3)
3 creatures vanquished.

Grand Total: 90 creatures vanquished

Notes
Turn   | Place    | Note
--------------------------------------------------------------
     0 | D:1      | wojtek, the Kobold Assassin, began the quest for the Orb.
     0 | D:1      | Reached XP level 1. HP: 12/12 MP: 1/1
   395 | D:1      | Reached XP level 2. HP: 15/17 MP: 2/2
   672 | D:2      | Reached XP level 3. HP: 4/21 MP: 3/3
   685 | D:2      | Reached skill level 5 in Short Blades
   769 | D:2      | Reached XP level 4. HP: 13/26 MP: 4/4
  1202 | D:2      | Reached skill level 6 in Short Blades
  1532 | D:2      | Found a radiant altar of Vehumet.
  1557 | D:2      | Reached XP level 5. HP: 25/30 MP: 5/5
  2378 | D:3      | Reached skill level 7 in Short Blades
  2534 | D:3      | Reached XP level 6. HP: 35/35 MP: 6/6
  3901 | D:4      | Reached skill level 1 in Shields
  4149 | D:4      | Noticed Blork the orc
  4245 | D:4      | Found a shadowy altar of Dithmenos.
  4266 | D:4      | Reached XP level 7. HP: 7/41 MP: 7/7
  5217 | D:4      | Noticed Prince Ribbit
  5218 | D:4      | Found a glowing golden altar of the Shining One.
  5237 | D:4      | Slain by Prince Ribbit

Action                   |  1- 3 |  4- 6 |  7- 9 || total
-------------------------+-------+-------+-------++-------
Melee: Dagger            |    53 |   232 |    86 ||   371
 Fire: Blowgun           |     3 |    28 |     5 ||    36
 Stab: Sleeping          |     3 |     7 |     1 ||    11
       Distracted        |     1 |     1 |       ||     2
  Eat: Chunk             |     7 |    12 |     3 ||    22
